 Dungeon Crawl Stone Soup version 0.26-a0-1021-gda264ca44c (webtiles) character file.

Game seed: 9974388471045204529

273 lunkers the Chopper (level 6, -5/55 HPs)
             Began as a Palentonga Abyssal Knight on Dec 8, 2020.
             Was a Believer of Lugonu.
             Slain by an ogre
             ... wielding a +0 giant club
              (11 damage)
             ... on level 4 of the Dungeon.
             The game lasted 00:04:02 (3615 turns).

lunkers the Chopper (Palentonga Abyssal Knight)     Turns: 3615, Time: 00:04:03

Health: -5/55      AC:  7    Str: 17    XL:     6   Next: 2%
Magic:  8/8        EV:  6    Int: 12    God:    Lugonu [**....]
Gold:   195        SH:  7    Dex: 10    Spells: 5/5 levels left

rFire    . . .     SeeInvis +   a - +1 hand axe
rCold    . . .     Faith    .   j - +0 kite shield
rNeg     . . .     Spirit   .   t - +0 ring mail
rPois    .         Reflect  .   o - +0 helmet
rElec    .         Harm     .   (no cloak)
rCorr    .         Rampage  .   n - +0 pair of gloves
Will     .....                  (no barding)
Stlth    ..........             (no amulet)
HPRegen  0.18/turn              (no ring)
MPRegen  0.11/turn              (no ring)

@: no status effects
A: large, rugged brown scales 3, see invisible, deformed body, roll 1, armoured
tail
a: Rolling Charge, Depart the Abyss, Bend Space, Renounce Religion


You were on level 4 of the Dungeon.
You worshipped Lugonu.
Lugonu was pleased with you.
You visited 1 branch of the dungeon, and saw 4 of its levels.
You visited the Abyss 1 time.

You collected 195 gold pieces.

Inventory:

Hand Weapons
 a - a +1 hand axe (weapon)
Armour
 b - a +0 leather armour
 j - a +0 kite shield (worn)
 n - a +0 pair of gloves (worn)
 o - a +0 helmet (worn)
 t - a +0 ring mail (worn)
Jewellery
 d - a +4 ring of evasion {unknown}
 k - a +6 ring of strength {unknown}
 s - a cursed -4 ring of intelligence {unknown}
Wands
 l - a wand of paralysis (10)
Scrolls
 c - a scroll of teleportation {unknown}
 f - 5 scrolls of remove curse {unknown}
 g - 4 scrolls of identify {unknown}
 h - a scroll of enchant weapon {unknown}
 p - a scroll of fear {unknown}
Potions
 e - a potion of berserk rage
 i - a potion of curing
 m - a potion of lignification {unknown}
 q - a potion of magic {unknown}
 r - a potion of haste {unknown}
 u - a potion of flight {unknown}


   Skills:
 + Level 4.2 Fighting
 * Level 4.8 Axes
 - Level 1.5 Armour
 - Level 0.7 Dodging
 + Level 1.3 Shields
 + Level 2.7 Invocations


You had 5 spell levels left.
You didn't know any spells.
Your spell library was empty.

Dungeon Overview and Level Annotations

Branches:
Dungeon (4/15)
 Temple: D:4-7

Altars:

Portals:
Abyss: D:3

Annotations:
D:3 2 transporters, hgbash's ghost, amateur SpEn


Innate Abilities, Weirdness & Mutations

You are completely covered in rugged brown scales. (AC +3, +7% HP)
You have supernaturally acute eyesight. (SInv)
Armour fits poorly on your strangely shaped body.
You can roll at nearby foes to attack.
You have a long armoured tail.


Message History

The ogre is moderately wounded.
The ogre barely misses you.
An ogre is nearby!
You hit the ogre.
The ogre is heavily wounded.
The ogre hits you with a +0 giant club!
You hit the ogre.
The ogre is severely wounded.
The ogre hits you with a +0 giant club!
* * * LOW HITPOINT WARNING * * *
You barely miss the ogre.
The ogre is severely wounded.
The ogre hits you with a +0 giant club!
* * * LOW HITPOINT WARNING * * *
You hit the ogre.
Your tail-slap misses the ogre.
The ogre is almost dead.
You hit the ogre.
The ogre is almost dead.
The ogre hits you with a +0 giant club!
You die...

##########
########.........
...........#######
....[...........[#
###.######.#####.#
# #.# #.# #.# #
#.# #.# #@# # #.#
#.# #.O# ###.#
#.####.##
##..#####...|>..
.................
....#####.#.###.#.
#...#####.#.###..
#...............#
#..####.........#


You could see an ogre.

Vanquished Creatures
  Blork the orc (D:4)
  A hound (D:4)
  A worker ant (D:4)
  Robin (D:3)
  8 adders
  An ooze (D:3)
  4 dart slugs (D:1)
  2 orcs
  A giant cockroach (D:3)
  14 goblins
  2 hobgoblins (D:3)
  4 jackals (D:4)
  A quokka (D:4)
  A ball python skeleton (D:4)
  6 bats
  3 frilled lizards (D:1)
  9 kobolds
  8 rats
68 creatures vanquished.

Notes
Turn   | Place    | Note
-------+----------+-------------------------------------------
     0 | Abyss:1  | lunkers the Palentonga Abyssal Knight began the quest for
                  | the Orb.
     0 | Abyss:1  | Reached XP level 1. HP: 20/20 MP: 2/2
    12 | D:1      | Escaped the Abyss
   559 | D:1      | Reached XP level 2. HP: 27/27 MP: 3/3
   966 | D:1      | Reached XP level 3. HP: 6/33 MP: 4/4
  1131 | D:2      | Reached ** piety under Lugonu
  1447 | D:2      | Reached XP level 4. HP: 25/42 MP: 5/5
  1740 | D:2      | You fall into a shaft and drop 2 floors!
  2199 | D:3      | Noticed a big kobold
  2211 | D:3      | Found a transporter.
  2211 | D:3      | Found a one-way gate to the infinite horrors of the Abyss.
  2211 | D:3      | Noticed hgbash's ghost (amateur SpEn)
  2212 | D:3      | Noticed a small abomination
  2213 | D:3      | Found a transporter.
  2347 | D:3      | Reached XP level 5. HP: 46/49 MP: 6/6
  2465 | D:3      | Noticed Robin
  2471 | D:3      | Killed Robin
  3257 | D:4      | Reached skill level 1 in Shields
  3453 | D:4      | Noticed Blork the orc
  3459 | D:4      | Killed Blork the orc
  3460 | D:4      | Reached XP level 6. HP: 55/55 MP: 6/8
  3615 | D:4      | Slain by an ogre

Illustrated notes

Levels and vault maps discovered:
D:1:      arrival_zaba_pyramid, layout_basic
D:2:      layout_loops_ring, minmay_fountain_box
D:3:      layout_rooms, gammafunk_ghost_abyssal_escape, kennysheep_small_spiral,
          uniq_robin
D:4:      layout_loops_ring, chequers_temple_overflow_statue_of_worship,
          uniq_blork_the_orc

Skill      XL: |  1  2  3  4  5 |
---------------+----------------+-----
Axes           | 3 4 |  4.8
Fighting       | 4 |  4.2
Shields        | 1 |  1.3
Armour         | |  1.5
Dodging        | |  0.7
Invocations    | |  2.7

Action                   |  1- 3 |  4- 6 || total
-------------------------+-------+-------++-------
Melee: Hand axe          |    82 |   116 ||   198
       Tailslap          |     5 |    15 ||    20
 Abil: Rolling Charge    |    16 |    21 ||    37
  Use: Potion            |     2 |     1 ||     3
Armor: Leather armour    |    31 |    22 ||    53
       Ring mail         |       |    14 ||    14
Dodge: Dodged            |    37 |    22 ||    59
Block: Kite shield       |       |    24 ||    24

Table legend: (Time is in decaauts)
 A = Elapsed time spent in this place.
 B = Non-inter-level travel time spent in this place.
 C = Inter-level travel time spent in this place.
 D = Time resting spent in this place.
 E = Time spent auto-exploring this place.
 F = Levels seen in this place.
 G = Mean time per level.
                   A        B        C        D        E       F      G
               +--------+--------+--------+--------+--------+-----+--------+
         Total |   3671 |   3508 |    163 |      0 |   3089 |   5 |  734.2 |
       Dungeon |   3659 |   3496 |    163 |      0 |   3082 |   4 |  914.8 |
         Abyss |     12 |     12 |      0 |      0 |      7 |   1 |   12.0 |
               +--------+--------+--------+--------+--------+-----+--------+

Top non-repeatable levels by time:
     D:1: 1120 daAuts
     D:2: 982 daAuts
     D:3: 829 daAuts
     D:4: 726 daAuts
 Abyss:1: 12 daAuts
